[ AOE2 MATCH · #483462891 ]
UnrankedMongols vs Bohemians
[ REPLAY ANALYSIS · EXTRACTED FROM THE RECORDED GAME ]
Feudal
—
Castle
—
Imperial
—
| APM avg | 19.7 |
| APM peak | 88 |
| eAPM avg | 14.3 |
| Villagers / military | 86 / 259 |
Focus
⚔️ 43.0% · 🌾 57.0%
Mangudai ×250 · Trade Cart ×16 · Trebuchet (Packed) ×9
Feudal
11:09
Castle
17:27
Imperial
30:05
| APM avg | 25.4 |
| APM peak | 66 |
| eAPM avg | 16.9 |
| Villagers / military | 164 / 185 |
Focus
⚔️ 32.5% · 🌾 67.5%
Spearman ×86 · Hussite Wagon ×62 · Bombard Cannon ×36 · Trade Cart ×23 · Monk ×1
Feudal
—
Castle
—
Imperial
—
| APM avg | 11.4 |
| APM peak | 26 |
| eAPM avg | 9.0 |
| Villagers / military | 87 / 86 |
Focus
⚔️ 30.1% · 🌾 69.9%
Knight ×86
Feudal
10:36
Castle
19:06
Imperial
36:28
| APM avg | 26.5 |
| APM peak | 87 |
| eAPM avg | 17.9 |
| Villagers / military | 113 / 224 |
Focus
⚔️ 42.9% · 🌾 57.1%
Knight ×130 · Throwing Axeman ×73 · Trade Cart ×24 · Spearman ×12 · Trebuchet (Packed) ×7 · Monk ×2
Match map
Initial resources + every placement click. Lines = walls · curves = elevation contours. ◆ gold · ⬟ stone · ● berries · ✦ relic · ◌ wall gap
Your base· ✓ Closed at 17:23 · 0t walls · 2 gate(s)
elias2025chatgpt's base· ✓ Closed at 17:27 · 0t walls · 2 gate(s)
Maxi Greco32's base· ✓ Closed at 17:03 · 0t walls · 2 gate(s)
Krazy's base· ✓ Closed at 19:06 · 0t walls · 2 gate(s)
Smoothed initial terrain · ◌ = detected wall gap · hover for details
Inputs per minute
— GRECOCHI32 - - elias2025chatgpt
Build order — GRECOCHI32
First 150 of 488 actions detected
| 0:02 | Build | House |
| 0:04 | Build | House |
| 0:09 | Research | Loom |
| 0:09 | Create | Villager (Male) |
| 0:10 | Create | Villager (Male) |
| 0:10 | Create | Villager (Male) |
| 0:10 | Create | Villager (Male) |
| 0:11 | Create | Villager (Male) |
| 2:10 | Create | Villager (Male) |
| 2:38 | Create | Villager (Male) |
| 2:57 | Create | Villager (Male) |
| 3:30 | Create | Villager (Male) |
| 3:48 | Build | House |
| 3:52 | Create | Villager (Male) |
| 4:17 | Create | Villager (Male) |
| 4:31 | Create | Villager (Male) |
| 5:12 | Create | Villager (Male) |
| 5:41 | Create | Villager (Male) |
| 5:49 | Build | Lumber Camp |
| 5:54 | Build | Mill |
| 6:06 | Create | Villager (Male) |
| 6:29 | Create | Villager (Male) |
| 6:31 | Create | Villager (Male) |
| 7:33 | Create | Villager (Male) |
| 7:40 | Build | House |
| 7:42 | Build | House |
| 7:57 | Research | Feudal Age |
| 11:00 | Research | Wheelbarrow |
| 11:01 | Create | Villager (Male) |
| 11:03 | Create | Villager (Male) |
| 11:04 | Research | Double-Bit Axe |
| 11:07 | Research | Horse Collar |
| 11:24 | Research | Town Watch |
| 12:11 | Build | Barracks |
| 12:34 | Build | Farm |
| 12:35 | Build | Farm |
| 12:36 | Build | Farm |
| 12:39 | Build | Farm |
| 12:40 | Build | Farm |
| 12:42 | Build | Farm |
| 12:43 | Build | Farm |
| 12:45 | Build | Farm |
| 12:47 | Build | Farm |
| 12:57 | Build | Farm |
| 12:59 | Create | Villager (Male) |
| 13:47 | Build | Mining Camp |
| 13:54 | Create | Villager (Male) |
| 14:23 | Create | Villager (Male) |
| 14:24 | Create | Villager (Male) |
| 14:43 | Build | Mining Camp |
| 14:50 | Create | Villager (Male) |
| 15:05 | Build | Market |
| 15:44 | Create | Villager (Male) |
| 15:45 | Create | Villager (Male) |
| 15:56 | Build | Blacksmith |
| 16:12 | Create | Villager (Male) |
| 16:14 | Create | Villager (Male) |
| 16:17 | Build | House |
| 16:18 | Build | House |
| 17:22 | Create | Villager (Male) |
| 17:23 | Research | Castle Age |
| 19:30 | Create | Trade Cart |
| 19:31 | Create | Trade Cart |
| 20:13 | Create | Villager (Male) |
| 20:22 | Research | Gold Mining |
| 20:26 | Research | Fletching |
| 20:26 | Research | Padded Archer Armor |
| 20:27 | Research | Scale Barding Armor |
| 20:30 | Create | Villager (Male) |
| 20:41 | Build | Town Center |
| 20:53 | Research | Hand Cart |
| 21:44 | Build | Mining Camp |
| 21:50 | Research | Heavy Plow |
| 21:53 | Research | Stone Mining |
| 21:59 | Build | Lumber Camp |
| 22:03 | Create | Villager (Male) |
| 22:14 | Build | House |
| 22:18 | Build | House |
| 22:18 | Build | House |
| 22:18 | Build | House |
| 22:19 | Build | House |
| 22:23 | Build | Farm |
| 22:25 | Create | Villager (Male) |
| 22:35 | Build | Castle |
| 22:46 | Create | Villager (Male) |
| 23:31 | Create | Villager (Male) |
| 23:46 | Create | Villager (Male) |
| 23:47 | Create | Villager (Male) |
| 23:47 | Create | Villager (Male) |
| 23:48 | Create | Villager (Male) |
| 24:06 | Create | Villager (Male) |
| 24:06 | Create | Villager (Male) |
| 24:16 | Build | House |
| 24:17 | Build | House |
| 24:17 | Build | House |
| 24:31 | Build | University |
| 24:34 | Build | Archery Range |
| 24:39 | Research | Bodkin Arrow |
| 24:39 | Research | Leather Archer Armor |
| 24:44 | Create | Villager (Male) |
| 24:48 | Build | Mining Camp |
| 25:15 | Build | Farm |
| 25:17 | Build | Farm |
| 25:29 | Research | Bow Saw |
| 25:38 | Create | Villager (Male) |
| 25:38 | Create | Villager (Male) |
| 25:55 | Build | Town Center |
| 25:58 | Create | Villager (Male) |
| 26:04 | Create | Trade Cart |
| 26:10 | Create | Mangudai |
| 26:10 | Create | Mangudai |
| 26:26 | Create | Villager (Male) |
| 26:30 | Create | Trade Cart |
| 26:39 | Build | Stable |
| 26:56 | Create | Villager (Male) |
| 26:56 | Create | Villager (Male) |
| 26:57 | Create | Villager (Male) |
| 26:57 | Create | Villager (Male) |
| 26:58 | Create | Villager (Male) |
| 26:58 | Create | Villager (Male) |
| 27:06 | Build | Farm |
| 27:10 | Create | Mangudai |
| 27:19 | Create | Villager (Male) |
| 27:42 | Create | Mangudai |
| 27:43 | Create | Mangudai |
| 27:48 | Build | Farm |
| 27:50 | Create | Villager (Male) |
| 28:05 | Create | Villager (Male) |
| 28:07 | Create | Villager (Male) |
| 28:09 | Create | Villager (Male) |
| 28:16 | Create | Trade Cart |
| 28:23 | Create | Mangudai |
| 28:28 | Build | Farm |
| 28:30 | Create | Villager (Male) |
| 28:31 | Create | Villager (Male) |
| 28:39 | Create | Villager (Male) |
| 28:48 | Build | Mining Camp |
| 28:57 | Create | Villager (Male) |
| 28:59 | Create | Villager (Male) |
| 29:06 | Build | Farm |
| 29:12 | Create | Villager (Male) |
| 29:13 | Create | Trade Cart |
| 29:17 | Build | House |
| 29:18 | Build | House |
| 29:19 | Build | House |
| 29:19 | Build | House |
| 29:19 | Build | House |
| 29:19 | Build | House |
| 29:30 | Build | Castle |
| 29:36 | Create | Mangudai |
Build order — elias2025chatgpt
First 150 of 646 actions detected
| 0:00 | Create | Villager (Male) |
| 0:01 | Create | Villager (Male) |
| 0:01 | Create | Villager (Male) |
| 0:01 | Create | Villager (Male) |
| 0:02 | Create | Villager (Male) |
| 0:02 | Build | House |
| 0:04 | Build | House |
| 1:30 | Create | Villager (Male) |
| 1:30 | Create | Villager (Male) |
| 1:45 | Build | Lumber Camp |
| 2:07 | Create | Villager (Male) |
| 2:08 | Create | Villager (Male) |
| 2:21 | Create | Villager (Male) |
| 2:21 | Create | Villager (Male) |
| 2:50 | Create | Villager (Male) |
| 3:16 | Create | Villager (Male) |
| 3:16 | Create | Villager (Male) |
| 3:39 | Create | Villager (Male) |
| 3:39 | Create | Villager (Male) |
| 3:39 | Create | Villager (Male) |
| 3:58 | Build | House |
| 3:59 | Build | House |
| 4:03 | Create | Villager (Male) |
| 4:03 | Create | Villager (Male) |
| 4:03 | Create | Villager (Male) |
| 4:30 | Create | Villager (Male) |
| 4:30 | Create | Villager (Male) |
| 4:43 | Build | Mill |
| 5:09 | Create | Villager (Male) |
| 5:09 | Create | Villager (Male) |
| 5:10 | Create | Villager (Male) |
| 5:48 | Create | Villager (Male) |
| 5:49 | Create | Villager (Male) |
| 5:49 | Create | Villager (Male) |
| 5:50 | Create | Villager (Male) |
| 6:07 | Build | Farm |
| 6:21 | Create | Villager (Male) |
| 6:21 | Create | Villager (Male) |
| 6:29 | Build | Farm |
| 6:35 | Create | Villager (Male) |
| 6:35 | Create | Villager (Male) |
| 7:23 | Build | Lumber Camp |
| 7:28 | Create | Villager (Male) |
| 7:28 | Create | Villager (Male) |
| 7:29 | Create | Villager (Male) |
| 7:43 | Build | Farm |
| 7:51 | Create | Villager (Male) |
| 8:43 | Build | Mining Camp |
| 8:59 | Research | Feudal Age |
| 9:00 | Research | Feudal Age |
| 10:18 | Build | Outpost |
| 10:21 | Create | Villager (Male) |
| 10:22 | Create | Villager (Male) |
| 10:28 | Build | House |
| 11:09 | Age | Feudal Age |
| 11:14 | Build | Outpost |
| 11:21 | Build | Mill |
| 11:28 | Build | Blacksmith |
| 11:36 | Build | Market |
| 12:00 | Create | Villager (Male) |
| 12:37 | Build | Outpost |
| 12:41 | Create | Villager (Male) |
| 13:07 | Build | Farm |
| 13:11 | Create | Villager (Male) |
| 13:21 | Build | House |
| 13:23 | Build | House |
| 13:57 | Create | Villager (Male) |
| 14:25 | Build | House |
| 14:26 | Build | House |
| 14:31 | Build | House |
| 14:47 | Research | Castle Age |
| 14:47 | Research | Castle Age |
| 15:27 | Build | Farm |
| 15:28 | Build | Farm |
| 15:28 | Build | Farm |
| 15:53 | Research | Loom |
| 15:54 | Research | Wheelbarrow |
| 15:54 | Research | Wheelbarrow |
| 16:24 | Build | Farm |
| 17:27 | Age | Castle Age |
| 17:28 | Build | Town Center |
| 17:55 | Build | Town Center |
| 18:16 | Create | Villager (Male) |
| 18:17 | Create | Villager (Male) |
| 18:17 | Create | Villager (Male) |
| 18:17 | Create | Villager (Male) |
| 18:58 | Create | Villager (Male) |
| 18:58 | Create | Villager (Male) |
| 18:59 | Create | Villager (Male) |
| 19:00 | Create | Villager (Male) |
| 19:00 | Create | Villager (Male) |
| 19:00 | Create | Villager (Male) |
| 19:01 | Create | Villager (Male) |
| 19:09 | Build | Farm |
| 19:09 | Build | Farm |
| 19:10 | Build | Farm |
| 19:11 | Build | Farm |
| 19:11 | Build | Farm |
| 19:12 | Build | Farm |
| 19:12 | Build | Farm |
| 19:26 | Build | Farm |
| 19:27 | Build | Farm |
| 19:27 | Build | Farm |
| 19:28 | Build | Farm |
| 19:28 | Build | Farm |
| 19:40 | Create | Villager (Male) |
| 19:40 | Create | Villager (Male) |
| 19:49 | Create | Villager (Male) |
| 19:52 | Build | Farm |
| 20:02 | Research | Double-Bit Axe |
| 20:02 | Research | Double-Bit Axe |
| 20:21 | Create | Villager (Male) |
| 20:21 | Create | Villager (Male) |
| 20:31 | Build | Farm |
| 20:32 | Build | Farm |
| 20:33 | Build | Farm |
| 20:33 | Build | Farm |
| 20:36 | Create | Villager (Male) |
| 20:37 | Create | Villager (Male) |
| 20:37 | Create | Villager (Male) |
| 20:37 | Create | Villager (Male) |
| 20:57 | Create | Villager (Male) |
| 20:58 | Create | Villager (Male) |
| 20:58 | Create | Villager (Male) |
| 21:06 | Build | Farm |
| 21:07 | Build | Farm |
| 21:08 | Build | Farm |
| 21:20 | Build | Farm |
| 21:29 | Build | Farm |
| 21:30 | Create | Villager (Male) |
| 21:30 | Create | Villager (Male) |
| 21:31 | Create | Villager (Male) |
| 21:31 | Create | Villager (Male) |
| 21:31 | Create | Villager (Male) |
| 21:31 | Create | Villager (Male) |
| 21:49 | Create | Villager (Male) |
| 21:49 | Create | Villager (Male) |
| 21:49 | Create | Villager (Male) |
| 21:52 | Create | Villager (Male) |
| 21:52 | Create | Villager (Male) |
| 21:56 | Build | Farm |
| 21:56 | Build | Farm |
| 22:03 | Build | House |
| 22:04 | Build | House |
| 22:06 | Build | House |
| 22:07 | Build | House |
| 22:08 | Build | House |
| 22:24 | Build | Mining Camp |
| 22:26 | Create | Villager (Male) |
| 22:26 | Create | Villager (Male) |
Build order — Maxi Greco32
First 150 of 296 actions detected
| 0:11 | Build | House |
| 0:14 | Build | House |
| 0:16 | Build | House |
| 0:21 | Create | Villager (Male) |
| 0:21 | Create | Villager (Male) |
| 0:21 | Create | Villager (Male) |
| 0:21 | Create | Villager (Male) |
| 0:21 | Create | Villager (Male) |
| 0:22 | Create | Villager (Male) |
| 1:15 | Build | House |
| 1:49 | Create | Villager (Male) |
| 1:49 | Create | Villager (Male) |
| 2:21 | Build | Lumber Camp |
| 2:24 | Create | Villager (Male) |
| 2:25 | Create | Villager (Male) |
| 2:25 | Create | Villager (Male) |
| 2:56 | Create | Villager (Male) |
| 2:56 | Create | Villager (Male) |
| 2:56 | Create | Villager (Male) |
| 3:20 | Create | Villager (Male) |
| 3:21 | Create | Villager (Male) |
| 3:34 | Create | Villager (Male) |
| 3:35 | Create | Villager (Male) |
| 3:54 | Create | Villager (Male) |
| 3:54 | Create | Villager (Male) |
| 4:21 | Create | Villager (Male) |
| 4:21 | Create | Villager (Male) |
| 4:21 | Create | Villager (Male) |
| 5:34 | Create | Villager (Male) |
| 5:34 | Create | Villager (Male) |
| 5:34 | Create | Villager (Male) |
| 5:35 | Create | Villager (Male) |
| 6:27 | Create | Villager (Male) |
| 6:46 | Research | Loom |
| 7:30 | Build | Mill |
| 8:10 | Research | Feudal Age |
| 8:16 | Build | Mill |
| 9:20 | Create | Villager (Male) |
| 9:21 | Create | Villager (Male) |
| 9:23 | Create | Villager (Male) |
| 10:23 | Research | Double-Bit Axe |
| 10:25 | Create | Villager (Male) |
| 10:26 | Create | Villager (Male) |
| 10:43 | Create | Villager (Male) |
| 11:05 | Research | Wheelbarrow |
| 11:53 | Research | Town Watch |
| 12:31 | Build | House |
| 12:34 | Build | House |
| 13:31 | Build | Market |
| 13:43 | Build | Farm |
| 13:43 | Build | Farm |
| 13:44 | Build | Farm |
| 13:44 | Build | Farm |
| 13:44 | Build | Farm |
| 13:44 | Build | Farm |
| 13:45 | Build | Farm |
| 13:45 | Build | Farm |
| 13:45 | Build | Farm |
| 13:46 | Build | Farm |
| 13:46 | Build | Farm |
| 13:51 | Build | Farm |
| 13:53 | Build | Farm |
| 14:29 | Build | Farm |
| 14:37 | Build | Farm |
| 14:44 | Build | Farm |
| 16:04 | Build | Blacksmith |
| 17:03 | Research | Castle Age |
| 17:11 | Build | Mining Camp |
| 17:15 | Create | Villager (Male) |
| 17:16 | Create | Villager (Male) |
| 17:22 | Research | Castle Age |
| 18:04 | Research | Scale Barding Armor |
| 18:05 | Research | Scale Mail Armor |
| 18:05 | Research | Forging |
| 20:05 | Research | Bow Saw |
| 20:08 | Research | Hand Cart |
| 20:20 | Build | Town Center |
| 20:52 | Create | Villager (Male) |
| 20:53 | Create | Villager (Male) |
| 20:53 | Create | Villager (Male) |
| 20:53 | Create | Villager (Male) |
| 20:54 | Create | Villager (Male) |
| 21:24 | Build | Lumber Camp |
| 21:36 | Research | Gold Mining |
| 21:41 | Create | Villager (Male) |
| 22:03 | Create | Villager (Male) |
| 22:24 | Create | Villager (Male) |
| 22:24 | Create | Villager (Male) |
| 22:24 | Create | Villager (Male) |
| 22:25 | Create | Villager (Male) |
| 22:25 | Create | Villager (Male) |
| 22:26 | Create | Villager (Male) |
| 22:38 | Create | Villager (Male) |
| 22:56 | Build | Farm |
| 23:01 | Create | Villager (Male) |
| 23:01 | Create | Villager (Male) |
| 23:25 | Build | Farm |
| 23:44 | Build | Farm |
| 23:51 | Create | Villager (Male) |
| 24:05 | Create | Villager (Male) |
| 24:06 | Create | Villager (Male) |
| 24:12 | Build | Farm |
| 24:28 | Build | House |
| 24:32 | Build | House |
| 24:38 | Build | Farm |
| 25:02 | Research | Gold Shaft Mining |
| 25:07 | Create | Villager (Male) |
| 25:07 | Create | Villager (Male) |
| 25:08 | Create | Villager (Male) |
| 25:09 | Create | Villager (Male) |
| 25:26 | Build | Mining Camp |
| 25:33 | Build | Farm |
| 25:56 | Build | Farm |
| 26:13 | Build | Barracks |
| 26:26 | Build | Farm |
| 26:56 | Create | Villager (Male) |
| 27:04 | Create | Villager (Male) |
| 27:04 | Create | Villager (Male) |
| 27:04 | Create | Villager (Male) |
| 27:12 | Build | House |
| 27:14 | Build | House |
| 27:17 | Build | House |
| 27:26 | Build | House |
| 27:27 | Build | House |
| 27:28 | Build | House |
| 27:29 | Build | House |
| 27:30 | Build | House |
| 27:56 | Build | Farm |
| 28:16 | Build | Monastery |
| 28:34 | Research | Chain Barding Armor |
| 28:35 | Research | Chain Mail Armor |
| 28:35 | Research | Iron Casting |
| 28:45 | Create | Villager (Male) |
| 28:45 | Create | Villager (Male) |
| 28:53 | Create | Villager (Male) |
| 28:53 | Create | Villager (Male) |
| 29:01 | Build | University |
| 29:24 | Build | Farm |
| 29:31 | Create | Villager (Male) |
| 29:31 | Create | Villager (Male) |
| 29:51 | Build | Farm |
| 30:12 | Research | Imperial Age |
| 30:28 | Build | Stable |
| 30:33 | Build | Stable |
| 30:39 | Build | Stable |
| 30:51 | Research | Fortified Wall (upgrade) |
| 31:11 | Create | Villager (Male) |
| 31:11 | Create | Villager (Male) |
| 31:12 | Create | Villager (Male) |
| 31:12 | Create | Villager (Male) |
Build order — Krazy
First 150 of 517 actions detected
| 0:02 | Create | Villager (Male) |
| 0:02 | Create | Villager (Male) |
| 0:02 | Create | Villager (Male) |
| 0:02 | Create | Villager (Male) |
| 0:02 | Create | Villager (Male) |
| 0:04 | Build | House |
| 0:05 | Build | House |
| 1:40 | Create | Villager (Male) |
| 2:12 | Build | Lumber Camp |
| 2:15 | Create | Villager (Male) |
| 2:17 | Create | Villager (Male) |
| 3:40 | Create | Villager (Male) |
| 3:44 | Create | Villager (Male) |
| 3:44 | Create | Villager (Male) |
| 4:17 | Build | House |
| 4:37 | Build | Mill |
| 4:54 | Create | Villager (Male) |
| 4:54 | Create | Villager (Male) |
| 5:52 | Create | Villager (Male) |
| 5:52 | Create | Villager (Male) |
| 6:19 | Build | House |
| 6:43 | Create | Villager (Male) |
| 7:00 | Create | Villager (Male) |
| 7:16 | Build | Mill |
| 7:40 | Create | Villager (Male) |
| 8:14 | Build | Mining Camp |
| 8:26 | Research | Feudal Age |
| 8:26 | Research | Feudal Age |
| 8:54 | Create | Villager (Male) |
| 9:25 | Build | Barracks |
| 9:55 | Build | House |
| 10:12 | Build | Farm |
| 10:13 | Build | Farm |
| 10:13 | Build | Farm |
| 10:36 | Age | Feudal Age |
| 10:40 | Research | Wheelbarrow |
| 10:52 | Research | Double-Bit Axe |
| 10:58 | Create | Villager (Male) |
| 11:21 | Build | Farm |
| 11:24 | Build | Farm |
| 11:33 | Build | Farm |
| 11:41 | Create | Villager (Male) |
| 11:41 | Create | Villager (Male) |
| 11:52 | Build | Farm |
| 12:13 | Build | House |
| 12:22 | Build | Farm |
| 12:33 | Build | Farm |
| 13:13 | Build | Mining Camp |
| 13:20 | Create | Villager (Male) |
| 13:31 | Build | Farm |
| 13:40 | Create | Villager (Male) |
| 13:41 | Create | Villager (Male) |
| 14:03 | Create | Villager (Male) |
| 14:03 | Create | Villager (Male) |
| 15:03 | Build | Stable |
| 15:23 | Research | Loom |
| 15:24 | Create | Villager (Male) |
| 15:25 | Create | Villager (Male) |
| 15:47 | Build | Blacksmith |
| 16:09 | Build | Farm |
| 16:19 | Research | Castle Age |
| 16:53 | Build | House |
| 17:10 | Build | House |
| 17:12 | Build | House |
| 17:15 | Build | House |
| 17:48 | Research | Scale Barding Armor |
| 17:49 | Research | Forging |
| 17:57 | Research | Gold Mining |
| 18:03 | Research | Stone Mining |
| 18:15 | Build | Market |
| 19:06 | Age | Castle Age |
| 19:21 | Create | Villager (Male) |
| 19:21 | Create | Villager (Male) |
| 19:23 | Research | Hand Cart |
| 19:25 | Create | Villager (Male) |
| 19:25 | Create | Villager (Male) |
| 19:25 | Create | Villager (Male) |
| 19:40 | Create | Knight |
| 19:41 | Create | Knight |
| 19:55 | Research | Gold Shaft Mining |
| 20:18 | Build | Town Center |
| 20:30 | Build | Farm |
| 20:31 | Build | Farm |
| 20:31 | Build | Farm |
| 20:48 | Create | Villager (Male) |
| 20:48 | Create | Villager (Male) |
| 20:58 | Research | Bow Saw |
| 21:39 | Create | Trade Cart |
| 22:01 | Research | Town Watch |
| 22:02 | Create | Villager (Male) |
| 22:25 | Build | Farm |
| 22:26 | Build | Farm |
| 22:42 | Create | Villager (Male) |
| 22:42 | Create | Villager (Male) |
| 22:42 | Create | Villager (Male) |
| 23:21 | Create | Villager (Male) |
| 23:22 | Create | Villager (Male) |
| 23:25 | Create | Villager (Male) |
| 23:25 | Create | Villager (Male) |
| 23:25 | Create | Villager (Male) |
| 23:57 | Build | Monastery |
| 24:05 | Research | Town Patrol |
| 24:10 | Research | Town Patrol |
| 24:18 | Create | Villager (Male) |
| 24:20 | Create | Villager (Male) |
| 24:29 | Build | University |
| 24:41 | Build | Castle |
| 25:01 | Build | Farm |
| 25:10 | Create | Villager (Male) |
| 25:15 | Create | Monk |
| 25:23 | Research | Fervor |
| 25:49 | Create | Villager (Male) |
| 25:50 | Create | Villager (Male) |
| 25:59 | Build | Mining Camp |
| 26:09 | Build | Town Center |
| 26:29 | Create | Monk |
| 26:34 | Create | Throwing Axeman |
| 26:35 | Create | Throwing Axeman |
| 26:35 | Create | Throwing Axeman |
| 26:46 | Research | Husbandry |
| 26:54 | Research | Scale Mail Armor |
| 26:56 | Research | Iron Casting |
| 27:07 | Research | Squires |
| 27:09 | Research | Arson |
| 27:20 | Create | Villager (Male) |
| 27:21 | Create | Villager (Male) |
| 27:21 | Create | Villager (Male) |
| 27:21 | Create | Villager (Male) |
| 27:30 | Create | Villager (Male) |
| 27:30 | Create | Villager (Male) |
| 27:31 | Create | Villager (Male) |
| 27:31 | Create | Villager (Male) |
| 27:35 | Create | Villager (Male) |
| 27:36 | Create | Villager (Male) |
| 27:36 | Create | Villager (Male) |
| 28:07 | Build | Farm |
| 28:12 | Research | Caravan |
| 28:24 | Build | Farm |
| 28:32 | Build | Farm |
| 28:47 | Build | Mining Camp |
| 28:50 | Build | Farm |
| 28:55 | Create | Villager (Male) |
| 28:55 | Create | Villager (Male) |
| 29:02 | Build | Farm |
| 29:06 | Create | Villager (Male) |
| 29:06 | Create | Villager (Male) |
| 29:06 | Create | Villager (Male) |
| 29:16 | Create | Throwing Axeman |
| 29:16 | Create | Throwing Axeman |
| 29:17 | Create | Throwing Axeman |
Match timeline
| 9:25 | Krazy · first_building Barracks |
| 10:36 | Krazy · age_up feudal |
| 11:09 | elias2025chatgpt · age_up feudal |
| 12:11 | GRECOCHI32 · first_building Barracks |
| 15:03 | Krazy · first_building Stable |
| 15:14 | Maxi Greco32 · first_market_sell 100 wood |
| 15:59 | Maxi Greco32 · first_market_buy 100 wood |
| 17:27 | elias2025chatgpt · age_up castle |
| 17:45 | elias2025chatgpt · first_market_buy 100 stone |
| 19:06 | Krazy · age_up castle |
| 22:35 | GRECOCHI32 · first_building Castle |
| 23:14 | elias2025chatgpt · first_building Monastery |
| 23:57 | Krazy · first_building Monastery |
| 24:34 | GRECOCHI32 · first_building Archery Range |
| 24:41 | Krazy · first_building Castle |
| 25:13 | GRECOCHI32 · first_market_buy 100 wood |
| 26:13 | Maxi Greco32 · first_building Barracks |
| 26:39 | GRECOCHI32 · first_building Stable |
| 26:53 | GRECOCHI32 · first_market_sell 100 stone |
| 27:06 | elias2025chatgpt · first_building Barracks |
| 28:16 | Maxi Greco32 · first_building Monastery |
| 29:08 | elias2025chatgpt · first_building Castle |
| 30:05 | elias2025chatgpt · age_up imperial |
| 30:28 | Maxi Greco32 · first_building Stable |
| 31:04 | elias2025chatgpt · first_building Siege Workshop |
| 36:28 | Krazy · age_up imperial |
| 41:30 | Maxi Greco32 · first_building Siege Workshop |
| 41:41 | Maxi Greco32 · first_building Castle |
| 44:22 | Maxi Greco32 · first_building Archery Range |
| 53:31 | GRECOCHI32 · resign |
[ AI ANALYSIS · 1 CREDIT ]
What really happened in this match?
Wolo.gg analyzes every decision: build order, eco, micro, common mistakes by bracket. Personalized analysis on WhatsApp or Discord in 30 seconds.
Civ guide
Mongols
Perfil
Jugador #15285521